 Dungeon Crawl Stone Soup version 0.23-a0-641-g0a7f1ce553 (webtiles) character file.

23471 HereIgoKillingAgain the Severer (level 13, -3/119 HPs)
             Began as a Hill Orc Fighter on Dec 30, 2018.
             Was an Elder of the Shining One.
             Slain by a crocodile (14 damage)
             ... on level 3 of the Lair of Beasts.
             The game lasted 00:19:24 (13708 turns).

HereIgoKillingAgain the Severer (Hill Orc Fighter) Turns: 13708, Time: 00:19:24

Health: -3/119     AC: 10    Str: 24    XL:     13   Next: 6%
Magic:  28/31      EV:  7    Int: 12    God:    the Shining One [****..]
Gold:   339        SH: 25    Dex: 10    Spells: 12/12 levels left

rFire    . . .     SeeInvis .   a - +1 war axe (freeze)
rCold    . . .     Gourm    .   c - +0 shield
rNeg     + + .     Faith    .   H - +0 scale mail
rPois    .         Spirit   .   y - +2 helmet
rElec    .         Reflect  +   (no cloak)
rCorr    .         Harm     .   (no gloves)
MR       .....                  (no boots)
Stlth    ..........             d - +4 amulet of reflection
HPRegen  0.29/turn              E - ring of magical power
MPRegen  0.22/turn              r - +4 ring of strength

@: divine shield, glowing
A: no striking features
a: Divine Shield, Cleansing Flame, Renounce Religion


You were on level 3 of the Lair of Beasts.
You worshipped the Shining One.
The Shining One was greatly pleased with you.
You were not hungry.

You visited 3 branches of the dungeon, and saw 16 of its levels.

You collected 855 gold pieces.
You spent 516 gold pieces at shops.

Inventory:

Hand Weapons
 a - a +1 war axe of freezing (weapon)
 b - a +0 hand axe of flaming
Armour
 c - a +0 shield (worn)
 y - a +2 helmet (worn)
 H - a +0 scale mail (worn)
Jewellery
 d - a +4 amulet of reflection (around neck)
 r - a +4 ring of strength (right hand)
 E - a ring of magical power (left hand)
Wands
 g - a wand of iceblast (29)
 l - a wand of flame (21)
 w - a wand of acid (2)
 J - a wand of digging (6)
Scrolls
 e - 6 scrolls of teleportation
 i - 4 scrolls of magic mapping
 j - 2 scrolls of enchant weapon
 k - 2 scrolls of blinking
 m - 11 scrolls of remove curse
 n - 3 scrolls of fog
 o - 4 scrolls of fear
 u - 2 scrolls of amnesia
 v - a scroll of enchant armour
 A - 3 scrolls of summoning
 C - a scroll of silence
Potions
 h - a potion of might
 s - 3 potions of flight
 t - a potion of brilliance
 x - 2 potions of mutation
 D - a potion of haste
 F - 2 potions of ambrosia
 I - a potion of degeneration {unknown}
Comestibles
 f - 26 rations


   Skills:
 * Level 12.5 Fighting
 + Level 19.1 Axes
 - Level 3.2 Armour
 - Level 3.2 Shields
 * Level 12.9 Invocations


You had 12 spell levels left.
You didn't know any spells.
Your spell library contained the following spells:

 Spells                   Type           Power        Failure   Level  Hunger
 Animate Skeleton         Necr           N/A          98%         1    ##.....
 Apportation              Tloc           #.....       98%         1    ##.....
 Confusing Touch          Hex            #.....       98%         1    ##.....
 Freeze                   Ice            #...         98%         1    ##.....
 Summon Small Mammal      Summ           #...         98%         1    ##.....
 Slow                     Hex            #.......     99%         2    ###....
 Throw Frost              Conj/Ice       #.....       99%         2    ###....
 Ozocubu's Armour         Chrm/Ice       #.......     100%        3    ####...
 Summon Ice Beast         Ice/Summ       #.......     100%        4    #####..
 Throw Icicle             Conj/Ice       #.......     100%        4    #####..
 Bolt of Magma            Conj/Fire/Erth #.........   100%        5    ######.
 Borgnjor's Vile Clutch   Necr/Erth      #.........   100%        5    ######.


Dungeon Overview and Level Annotations

Branches:
Dungeon (12/15)            Temple (1/1) D:5            Lair (3/6) D:10
    Orc (0/2) D:11
  Swamp: Lair:2-4    Shoals: Lair:2-4     Snake: Lair:2-4    Spider: Lair:2-4

Altars:
Ashenzari
Cheibriados
Dithmenos
Elyvilon
Fedhas
Gozag
Hepliaklqana
Kikubaaqudgha
Makhleb
Nemelex Xobeh
Okawaru
Qazlal
Ru
Sif Muna
Trog
Uskayaw
Vehumet
Wu Jian
Xom
Yredelemnul
Zin
The Shining One

Shops:
D:9 ?   D:10 ?=

Annotations:
D:3 2 transporters, ilii's ghost, amateur DEFE
D:8 3 runed doors, SpeedVeins's ghost, novice MiFi
D:9 2 transporters


Message History

* * * LOW HITPOINT WARNING * * *
You feel better. The crocodile bites you!
* * * LOW HITPOINT WARNING * * *
You feel better.
The crocodile bites you but does no damage.
Your shield is strengthened by the Shining One's divine power.
You feel slightly more hungry. You block the crocodile's attack.
Evoke which item? (* to show all) (? for menu, Esc to quit)
Aiming: Corrosive Bolt
Press: ? - help, Shift-Dir - straight line The bolt of acid misses the crocodile.
You block the crocodile's attack.
Unknown command.
Your +0 hand axe of flaming stops flaming.
Your +1 war axe of freezing glows with a cold blue light!
a - a +1 war axe of freezing (weapon)
You hit the crocodile but do no damage.
The crocodile is heavily wounded.
A four-headed hydra comes into view.
The crocodile bites you!
You die...

.....# .#. .....
.... ... ##...
###.###.....
###.♣..#...###.#
#..............#
...#♣.<......♣....
...................
###.##.♣.##@t####.
#. ##.♣##.†.....# #
## .##...##D .#
....# .. ..#.. ..
....# ... .#.. ...
...#


You could see a four-headed hydra and a crocodile.

Vanquished Creatures
  Fannar (D:12)
  Harold (D:10)
  3 hydras
  A two-headed ogre (D:9)
  Sonja (D:10)
  4 unseen horrors
  Pikel (D:6)
  2 deep elf magi (D:12)
  An ugly thing (D:11)
  3 spiny frogs
  2 komodo dragons
  2 trolls (D:11)
  4 slime creatures
  3 blink frogs (Lair:1)
  6 hippogriffs
  2 dream sheep (D:11)
  Sigmund (D:5)
  A vampire (D:10)
  2 yaks (D:11)
  A hungry ghost (D:12)
  A soldier ant (D:12)
  Edmund (D:4)
  3 water moccasins
  6 porcupines
  7 orc warriors
  5 phantoms
  2 black bears
  2 sky beasts
  3 ice beasts
  A necrophage (D:3)
  8 ogres
  4 centaurs
  8 crocodiles
  16 big kobolds
  3 bullfrogs
  4 gnoll sergeants (D:11)
  A wyvern skeleton (D:10)
  3 scorpions
  3 killer bees (D:11)
  7 howler monkeys
  11 wights
  10 crimson imps
  2 bullfrog zombies
  6 hounds
  9 jellies
  2 centaur zombies
  3 bullfrog skeletons
  3 centaur skeletons
  3 orc priests
  17 orc wizards
  3 iguanas
  7 worker ants
  Ijyb (D:4)
  A killer bee zombie (D:6)
  3 hound skeletons
  Robin (D:4)
  6 gnolls
  11 adders
  3 shadow imps
  11 oozes
  An adder zombie (D:7)
  5 worms
  2 dart slugs
  4 leopard geckos
  42 orcs
  3 giant cockroaches
  12 goblins
  8 hobgoblins
  14 jackals
  53 kobolds
  5 quokkas
  5 ball pythons
  2 bats
  4 frilled lizards
  2 quokka skeletons
  2 quokka zombies
  4 rats
  3 fungi (Lair:1)
  A plant (D:11)
415 creatures vanquished.

Vanquished Creatures (others)
  3 centaurs
  5 fungi
  3 plants (D:10)
11 creatures vanquished.

Grand Total: 426 creatures vanquished

Notes
Turn   | Place    | Note
-------+----------+-------------------------------------------
     0 | D:1      | HereIgoKillingAgain the Hill Orc Fighter began the quest
                  | for the Orb.
     0 | D:1      | Reached XP level 1. HP: 19/19 MP: 1/1
   174 | D:1      | Reached skill level 3 in Axes
   857 | D:2      | Reached XP level 2. HP: 26/26 MP: 2/2
   935 | D:2      | Reached skill level 4 in Axes
  1019 | D:2      | Reached XP level 3. HP: 31/31 MP: 3/3
  1411 | D:2      | Reached skill level 5 in Axes
  1609 | D:3      | Reached XP level 4. HP: 31/39 MP: 4/4
  1814 | D:3      | Reached skill level 6 in Axes
  1873 | D:3      | Found a transporter.
  1876 | D:3      | Found a transporter.
  1876 | D:3      | Noticed ilii's ghost (amateur DEFE)
  1913 | D:3      | Noticed a necrophage
  1926 | D:3      | Killed a necrophage
  1926 | D:3      | Reached skill level 7 in Axes
  1926 | D:3      | Reached XP level 5. HP: 42/45 MP: 5/5
  2197 | D:3      | Noticed a big kobold
  2208 | D:3      | Killed a big kobold
  2208 | D:3      | Reached skill level 8 in Axes
  2208 | D:3      | Reached XP level 6. HP: 48/51 MP: 6/6
  2225 | D:3      | Reached skill level 9 in Axes
  2240 | D:3      | Reached XP level 7. HP: 31/57 MP: 7/7
  2456 | D:3      | Reached skill level 10 in Axes
  2677 | D:3      | Reached skill level 11 in Axes
  2858 | D:4      | Noticed Edmund
  2866 | D:4      | Killed Edmund
  2866 | D:4      | Reached XP level 8. HP: 50/64 MP: 8/8
  2926 | D:4      | Found an iron altar of Okawaru.
  3004 | D:4      | Reached skill level 12 in Axes
  3992 | D:4      | Reached skill level 13 in Axes
  4022 | D:4      | Noticed Robin
  4037 | D:4      | Killed Robin
  4153 | D:4      | Noticed Ijyb
  4160 | D:4      | Killed Ijyb
  4401 | D:5      | Entered Level 5 of the Dungeon
  4453 | D:5      | Reached XP level 9. HP: 70/70 MP: 9/9
  4525 | D:5      | Reached skill level 14 in Axes
  4687 | D:5      | Noticed Sigmund
  4702 | D:5      | Killed Sigmund
  4772 | D:5      | Found a staircase to the Ecumenical Temple.
  4786 | Temple   | Entered the Ecumenical Temple
  4800 | Temple   | Became a worshipper of the Shining One
  4980 | D:5      | Reached skill level 15 in Axes
  5479 | D:6      | Found an ancient bone altar of Kikubaaqudgha.
  5788 | D:6      | Reached * piety under the Shining One
  6010 | D:6      | Found a shimmering altar of Xom.
  6026 | D:6      | Reached skill level 16 in Axes
  6093 | D:6      | Got a pair of translucent boots
  6099 | D:6      | Identified the +3 pair of boots of Pride {*Corrode Str+2
                  | Stlth+} (You found it on level 6 of the Dungeon)
  6106 | D:6      | Noticed Pikel
  6123 | D:6      | Killed Pikel
  6123 | D:6      | Reached XP level 10. HP: 73/77 MP: 10/10
  6376 | D:7      | Reached skill level 17 in Axes
  6901 | D:8      | Reached ** piety under the Shining One
  6935 | D:8      | Found a runed gate.
  6935 | D:8      | Found a runed gate.
  6936 | D:8      | Found a runed gate.
  7539 | D:8      | Noticed SpeedVeins's ghost (novice MiFi)
  7540 | D:8      | Noticed a kobold demonologist
  7600 | D:9      | Reached skill level 1 in Invocations
  7603 | D:9      | Found a transporter.
  7605 | D:9      | Noticed an unseen horror
  7605 | D:9      | Noticed a stone giant
  7621 | D:9      | Noticed a two-headed ogre
  7635 | D:9      | Killed a two-headed ogre
  7663 | D:9      | Reached skill level 5 in Fighting
  7775 | D:9      | Found a shadowy altar of Dithmenos.
  7783 | D:9      | Found a transporter.
  7916 | D:9      | Found a burning altar of Makhleb.
  7927 | D:9      | Found a sacrificial altar of Ru.
  7950 | D:9      | Found Holl's Magic Scroll Shoppe.
  8040 | D:9      | Reached *** piety under the Shining One
  8129 | D:9      | Found a glowing silver altar of Zin.
  8178 | D:9      | Bought a scroll of summoning for 152 gold pieces
  8178 | D:9      | Bought a scroll of identify for 32 gold pieces
  8178 | D:9      | Bought a scroll of identify for 32 gold pieces
  8215 | D:10     | Entered Level 10 of the Dungeon
  8244 | D:10     | Noticed an unseen horror
  8253 | D:10     | Killed an unseen horror
  8253 | D:10     | Reached skill level 5 in Invocations
  8281 | D:10     | Noticed Harold
  8304 | D:10     | Killed Harold
  8304 | D:10     | Reached XP level 11. HP: 86/92 MP: 15/15
  8310 | D:10     | Noticed an unseen horror
  8316 | D:10     | Killed an unseen horror
  8316 | D:10     | Reached skill level 18 in Axes
  8538 | D:10     | Found a staircase to the Lair.
  8856 | D:10     | Found Haur's Magic Scroll Emporium.
  8926 | D:10     | Bought a scroll of brand weapon for 300 gold pieces
  8944 | D:10     | Found Virooni's Jewellery Shoppe.
  8958 | D:10     | Noticed Sonja
  8960 | D:10     | Killed Sonja
  9206 | D:10     | Reached **** piety under the Shining One
  9239 | D:10     | Noticed an unseen horror
  9246 | D:10     | Killed an unseen horror
  9601 | D:11     | Noticed a red ugly thing
  9613 | D:11     | Killed a red ugly thing
  9646 | D:11     | Identified the Handbook of Bewitching Clay
 10068 | D:11     | Found a staircase to the Orcish Mines.
 10078 | D:11     | Reached skill level 10 in Invocations
 10078 | D:11     | Reached skill level 10 in Fighting
 10078 | D:11     | Reached XP level 12. HP: 81/106 MP: 19/19
 10466 | D:11     | Noticed a three-headed hydra
 10473 | D:11     | Killed a one-headed hydra
 10847 | D:12     | Noticed Fannar
 10872 | D:12     | Killed Fannar
 11904 | Lair:1   | Entered Level 1 of the Lair of Beasts
 12331 | Lair:1   | Noticed a four-headed hydra
 12342 | Lair:1   | Killed a one-headed hydra
 12342 | Lair:1   | Reached skill level 19 in Axes
 13309 | Lair:2   | Reached ***** piety under the Shining One
 13342 | Lair:2   | Noticed a death yak
 13344 | Lair:2   | Noticed a death yak
 13345 | Lair:2   | Noticed a death yak
 13373 | Lair:1   | Reached XP level 13. HP: 40/119 MP: 22/22
 13703 | Lair:3   | HP: 3/119 [crocodile (13)]
 13708 | Lair:3   | Slain by a crocodile

Vault maps used:
D:1:      lightli_molten_gateway
D:3:      minmay_goblin_kobold_castle, gammafunk_ghost_arena
D:4:      okawaru_trees_2, first_ration, minmay_a_box_with_orc_wizards_in_it,
          uniq_ijyb, uniq_edmund, uniq_robin
D:5:      minmay_temple_entry_water_ring, hangedman_decor_peaks_small,
          minmay_pentangle, uniq_sigmund
D:6:      lemuel_doored_altar, nicolae_overflow_crystal_walls, minivault_25,
          uniq_pikel
D:7:      roderic_roman_lattice
D:8:      gammafunk_ghost_nasty_kobolds
D:9:      zin_statuary, chequers_temple_overflow_statue_of_worship,
          gammafunk_temple_overflow_arena, serial_shops, shop
D:10:     david_lair_shrubbed, serial_shops, shop_coins, shop, uniq_sonja,
          uniq_harold
D:11:     kennysheep_orc_monster_closet_entryway, hangedman_ranch
D:12:     uniq_fannar
Temple:   minmay_freezing_vapour_temple
Lair:1:   lemuel_slime, beast_lair_carwin_2
Lair:3:   elwin_shoals_entry_stream, spider_nest_entry_web_field,
          serial_bayou_crossing, lemuel_fruit_fields, grunt_megastairs_1

Skill      XL: |  1  2  3  4  5  6  7  8  9 10 11 12 |
---------------+-------------------------------------+-----
Axes           | 3 4 5 7 8 9 11 13 16 17 18 19 | 19.1
Invocations    | 6 10 12 | 12.9
Fighting       | 7 10 12 | 12.5
Armour         | |  3.2
Shields        | |  3.2

Action                   |  1- 3 |  4- 6 |  7- 9 | 10-12 | 13-15 || total
-------------------------+-------+-------+-------+-------+-------++-------
Melee: War axe           |    76 |   121 |   427 |   595 |     4 ||  1223
       Hand axe          |       |       |       |    17 |     9 ||    26
Throw: Throwing net      |       |       |       |     1 |       ||     1
Invok: Divine Shield     |       |       |       |     2 |     1 ||     3
       Cleansing Flame   |       |       |       |     1 |       ||     1
       Summon Divine War |       |       |       |     1 |       ||     1
Evoke: Wand              |       |       |     3 |    13 |     2 ||    18
  Use: Potion            |       |       |     4 |     4 |     3 ||    11
       Scroll            |       |       |    10 |    13 |     1 ||    24
 Stab: Distracted        |       |       |     1 |       |       ||     1
  Eat: Chunk             |     2 |     1 |    10 |    15 |     1 ||    29
       Ration            |       |       |     1 |     3 |     1 ||     5
Armor: Scale mail        |    25 |    48 |   119 |   143 |    11 ||   346
       Skin              |       |       |    17 |       |       ||    17
Dodge: Dodged            |    22 |    39 |    62 |   106 |     5 ||   234
Block: Shield            |    42 |    70 |   134 |   318 |    15 ||   579
       Reflection        |       |       |     2 |    20 |       ||    22

Table legend:
 A = Non-vault XP
 B = Vault XP
 C = Vault XP percentage of total XP
 D = Non-vault monster count
 E = Vault monster count
 F = Vault count percentage of total count
                 A         B        C        D         E       F
            +---------+---------+-------+---------+---------+-------
      Total |   21920 |   11611 |  34.6 |     279 |     135 |  32.6
            +---------+---------+-------+---------+---------+-------
        D:1 |       8 |       0 |   0.0 |       7 |       0 |   0.0
        D:2 |      49 |       0 |   0.0 |      17 |       0 |   0.0
        D:3 |     225 |     773 |  77.5 |      22 |      48 |  68.6
        D:4 |     647 |     355 |  35.4 |      27 |      16 |  37.2
        D:5 |     516 |     620 |  54.6 |      20 |      14 |  41.2
        D:6 |     972 |     607 |  38.4 |      20 |       1 |   4.8
        D:7 |     324 |       0 |   0.0 |       6 |       0 |   0.0
        D:8 |     705 |       0 |   0.0 |      13 |       0 |   0.0
        D:9 |    2033 |       0 |   0.0 |      27 |       0 |   0.0
       D:10 |    4888 |    2176 |  30.8 |      50 |       3 |   5.7
       D:11 |    2099 |    3841 |  64.7 |      31 |      28 |  47.5
       D:12 |    3829 |    1015 |  21.0 |      16 |       1 |   5.9
     Lair:1 |    4014 |    1149 |  22.3 |      16 |      22 |  57.9
     Lair:2 |    1361 |       0 |   0.0 |       6 |       0 |   0.0
     Lair:3 |     250 |    1075 |  81.1 |       1 |       2 |  66.7
            +---------+---------+-------+---------+---------+-------
